[ PARTIDA AOE2 · #472581871 ]
UnrankedEspañoles vs Koreans
[ ANÁLISIS DE REPETICIÓN · EXTRAÍDO DE LA PARTIDA GRABADA ]
Feudal
13:23
Castillos
16:45
Imperial
37:17
| APM promedio | 32.7 |
| APM pico | 76 |
| eAPM promedio | 14.9 |
| Aldeanos / militares | 117 / 96 |
Foco
⚔️ 36.3% · 🌾 63.7%
Conquistador ×85 · Fishing Ship ×15 · Missionary ×11
Feudal
14:00
Castillos
17:32
Imperial
31:42
| APM promedio | 41.7 |
| APM pico | 80 |
| eAPM promedio | 18.7 |
| Aldeanos / militares | 135 / 125 |
Foco
⚔️ 27.6% · 🌾 72.4%
Fire Lancer ×66 · Skirmisher ×30 · War Wagon ×18 · Trebuchet (Packed) ×8 · Fishing Ship ×6 · Monk ×3
Feudal
—
Castillos
—
Imperial
—
| APM promedio | 23.4 |
| APM pico | 64 |
| eAPM promedio | 13.8 |
| Aldeanos / militares | 60 / 117 |
Foco
⚔️ 29.1% · 🌾 70.9%
Camel Scout ×57 · Knight ×56 · Fishing Ship ×38 · Fire Galley ×4
Feudal
13:47
Castillos
17:18
Imperial
30:43
| APM promedio | 33.9 |
| APM pico | 77 |
| eAPM promedio | 21.7 |
| Aldeanos / militares | 168 / 171 |
Foco
⚔️ 21.8% · 🌾 78.2%
Camel Scout ×171 · Fishing Ship ×7
Feudal
12:57
Castillos
16:12
Imperial
29:57
| APM promedio | 46.7 |
| APM pico | 84 |
| eAPM promedio | 31.9 |
| Aldeanos / militares | 194 / 198 |
Foco
⚔️ 36.5% · 🌾 63.5%
Knight ×190 · Fishing Ship ×8 · Bombard Cannon ×5 · Demolition Raft ×2 · Monk ×1
Feudal
15:41
Castillos
18:37
Imperial
27:48
| APM promedio | 20.9 |
| APM pico | 42 |
| eAPM promedio | 14.7 |
| Aldeanos / militares | 71 / 29 |
Foco
⚔️ 27.0% · 🌾 73.0%
Scorpion ×29 · Fishing Ship ×28
Feudal
11:42
Castillos
15:41
Imperial
30:32
| APM promedio | 36.1 |
| APM pico | 64 |
| eAPM promedio | 21.9 |
| Aldeanos / militares | 114 / 114 |
Foco
⚔️ 25.9% · 🌾 74.1%
Urumi Swordsman ×105 · Fishing Ship ×68 · Monk ×4 · Demolition Raft ×3 · Fire Galley ×2
Feudal
14:27
Castillos
18:26
Imperial
—
| APM promedio | 37.3 |
| APM pico | 91 |
| eAPM promedio | 16.1 |
| Aldeanos / militares | 79 / 45 |
Foco
⚔️ 35.7% · 🌾 64.3%
Conquistador ×44 · Fishing Ship ×10 · Battering Ram ×1
Mapa de la partida
Recursos iniciales + cada clic de construcción. Líneas = muros · curvas = relieve. ◆ oro · ⬟ piedra · ● bayas · ✦ reliquia · ◌ hueco del cierre
Tu base· Abierta — hueco de 8t
Base de VLC | SnowBall· Abierta — hueco de 2t
Base de Rule xLEIRAx13· Abierta — hueco de 2t
Base de Bzm_Going· Abierta — hueco de 7t
Base de Dekodie· Abierta — hueco de 4t
Base de AiM | Facu1414· Abierta — flanco sin cerrar
Base de Optimus· Abierta — hueco de 7t
Base de Bzm_Cordobez· Abierta — hueco de 4t
Terreno inicial suavizado · ◌ = hueco del cierre detectado · pasá el cursor para detalles
Inputs por minuto
— king_James - - VLC | SnowBall
Build order — king_James
Primeras 150 de 324 acciones detectadas
| 0:31 | Construir | Town Center |
| 2:43 | Crear | Villager (Male) |
| 2:43 | Crear | Villager (Male) |
| 2:43 | Crear | Villager (Male) |
| 2:44 | Crear | Villager (Male) |
| 2:44 | Crear | Villager (Male) |
| 2:47 | Construir | House |
| 3:31 | Construir | Dock |
| 4:00 | Crear | Fishing Ship |
| 4:01 | Crear | Fishing Ship |
| 4:52 | Crear | Fishing Ship |
| 4:52 | Crear | Fishing Ship |
| 5:17 | Crear | Villager (Male) |
| 5:17 | Crear | Villager (Male) |
| 5:24 | Construir | House |
| 5:56 | Crear | Villager (Male) |
| 5:56 | Crear | Villager (Male) |
| 6:13 | Construir | House |
| 6:21 | Crear | Fishing Ship |
| 6:21 | Crear | Fishing Ship |
| 6:31 | Crear | Villager (Male) |
| 6:31 | Crear | Villager (Male) |
| 7:03 | Investigar | Loom |
| 7:04 | Crear | Villager (Male) |
| 7:05 | Crear | Villager (Male) |
| 7:11 | Crear | Fishing Ship |
| 7:19 | Crear | Villager (Male) |
| 7:20 | Crear | Villager (Male) |
| 7:43 | Crear | Villager (Male) |
| 7:43 | Crear | Villager (Male) |
| 7:59 | Crear | Villager (Male) |
| 7:59 | Crear | Villager (Male) |
| 8:01 | Crear | Fishing Ship |
| 8:02 | Crear | Fishing Ship |
| 8:30 | Crear | Villager (Male) |
| 8:30 | Crear | Villager (Male) |
| 8:43 | Crear | Villager (Male) |
| 8:44 | Crear | Villager (Male) |
| 8:44 | Crear | Villager (Male) |
| 8:52 | Crear | Fishing Ship |
| 8:52 | Crear | Fishing Ship |
| 8:59 | Crear | Villager (Male) |
| 8:59 | Crear | Villager (Male) |
| 9:06 | Construir | House |
| 9:41 | Crear | Villager (Male) |
| 9:46 | Construir | Mill |
| 9:48 | Crear | Villager (Male) |
| 9:57 | Crear | Villager (Male) |
| 9:57 | Crear | Villager (Male) |
| 10:05 | Crear | Villager (Male) |
| 10:05 | Crear | Villager (Male) |
| 10:16 | Crear | Villager (Male) |
| 10:16 | Crear | Villager (Male) |
| 10:16 | Crear | Villager (Male) |
| 10:29 | Crear | Fishing Ship |
| 10:29 | Crear | Fishing Ship |
| 11:05 | Investigar | Feudal Age |
| 12:46 | Construir | House |
| 13:13 | Crear | Villager (Male) |
| 13:23 | Edad | Edad Feudal |
| 13:25 | Construir | Market |
| 13:28 | Construir | Blacksmith |
| 14:05 | Investigar | Castle Age |
| 14:05 | Investigar | Castle Age |
| 14:28 | Construir | Mining Camp |
| 15:06 | Construir | Lumber Camp |
| 15:43 | Investigar | Tech 906 |
| 16:05 | Investigar | Double-Bit Axe |
| 16:45 | Edad | Edad de los Castillos |
| 16:45 | Crear | Villager (Male) |
| 16:45 | Crear | Villager (Male) |
| 16:53 | Investigar | Bow Saw |
| 17:11 | Crear | Villager (Male) |
| 17:38 | Crear | Villager (Male) |
| 17:51 | Crear | Villager (Male) |
| 18:02 | Investigar | Horse Collar |
| 18:23 | Crear | Villager (Male) |
| 18:41 | Construir | Castle |
| 18:55 | Investigar | Wheelbarrow |
| 19:02 | Crear | Villager (Male) |
| 19:34 | Construir | House |
| 19:36 | Construir | House |
| 19:42 | Crear | Conquistador |
| 19:42 | Crear | Conquistador |
| 19:43 | Crear | Conquistador |
| 19:43 | Crear | Conquistador |
| 19:45 | Investigar | Padded Archer Armor |
| 20:09 | Crear | Conquistador |
| 20:14 | Crear | Villager (Male) |
| 20:28 | Crear | Villager (Male) |
| 20:32 | Construir | Dock |
| 20:40 | Crear | Conquistador |
| 20:49 | Investigar | Leather Archer Armor |
| 21:00 | Construir | Town Center |
| 21:01 | Crear | Villager (Male) |
| 21:25 | Crear | Villager (Male) |
| 21:45 | Investigar | Gillnets |
| 21:46 | Investigar | Gillnets |
| 21:46 | Investigar | Gillnets |
| 21:49 | Crear | Villager (Male) |
| 21:49 | Crear | Villager (Male) |
| 22:14 | Construir | Farm |
| 22:38 | Crear | Villager (Male) |
| 22:53 | Construir | Farm |
| 22:54 | Construir | Farm |
| 22:55 | Construir | Farm |
| 22:57 | Crear | Villager (Male) |
| 22:59 | Crear | Villager (Male) |
| 23:07 | Construir | Mining Camp |
| 23:13 | Crear | Conquistador |
| 23:13 | Crear | Conquistador |
| 23:14 | Crear | Conquistador |
| 23:42 | Crear | Villager (Male) |
| 24:09 | Crear | Conquistador |
| 24:09 | Crear | Conquistador |
| 24:09 | Crear | Conquistador |
| 24:16 | Construir | Barracks |
| 24:29 | Crear | Conquistador |
| 24:32 | Crear | Villager (Male) |
| 24:55 | Crear | Villager (Male) |
| 24:55 | Crear | Villager (Male) |
| 24:58 | Construir | Stable |
| 25:03 | Construir | Farm |
| 25:06 | Construir | Farm |
| 25:07 | Crear | Villager (Male) |
| 25:28 | Crear | Conquistador |
| 25:28 | Crear | Conquistador |
| 25:30 | Crear | Villager (Male) |
| 25:47 | Investigar | Bloodlines |
| 25:53 | Construir | Castle |
| 25:55 | Crear | Villager (Male) |
| 25:56 | Crear | Villager (Male) |
| 26:09 | Crear | Villager (Male) |
| 26:22 | Construir | Town Center |
| 26:23 | Crear | Villager (Male) |
| 26:36 | Crear | Villager (Male) |
| 26:49 | Crear | Fishing Ship |
| 26:49 | Crear | Fishing Ship |
| 26:51 | Crear | Villager (Male) |
| 26:55 | Crear | Conquistador |
| 26:55 | Crear | Conquistador |
| 27:12 | Investigar | Husbandry |
| 27:13 | Investigar | Husbandry |
| 27:13 | Crear | Villager (Male) |
| 27:14 | Crear | Villager (Male) |
| 27:39 | Crear | Villager (Male) |
| 27:48 | Crear | Villager (Male) |
| 27:48 | Crear | Villager (Male) |
| 27:49 | Crear | Villager (Male) |
| 27:53 | Crear | Conquistador |
Build order — VLC | SnowBall
Primeras 150 de 259 acciones detectadas
| 0:02 | Construir | House |
| 0:06 | Construir | Town Center |
| 0:26 | Construir | Dock |
| 2:37 | Crear | Villager (Male) |
| 2:38 | Crear | Villager (Male) |
| 2:38 | Investigar | Loom |
| 2:39 | Crear | Villager (Male) |
| 2:39 | Crear | Villager (Male) |
| 2:39 | Crear | Villager (Male) |
| 3:07 | Crear | Villager (Male) |
| 3:30 | Construir | Palisade Wall |
| 3:32 | Construir | Palisade Wall |
| 4:20 | Investigar | Loom |
| 4:28 | Construir | House |
| 4:30 | Crear | Villager (Male) |
| 4:31 | Crear | Villager (Male) |
| 4:31 | Crear | Villager (Male) |
| 5:10 | Crear | Fishing Ship |
| 5:40 | Crear | Villager (Male) |
| 5:40 | Crear | Villager (Male) |
| 5:46 | Construir | House |
| 5:49 | Crear | Villager (Male) |
| 6:18 | Crear | Fishing Ship |
| 6:25 | Crear | Villager (Male) |
| 6:25 | Crear | Villager (Male) |
| 7:05 | Construir | House |
| 7:35 | Crear | Villager (Male) |
| 7:36 | Crear | Villager (Male) |
| 7:36 | Crear | Villager (Male) |
| 7:47 | Crear | Fishing Ship |
| 8:04 | Crear | Villager (Male) |
| 8:19 | Crear | Villager (Male) |
| 8:28 | Crear | Villager (Male) |
| 8:32 | Construir | Mining Camp |
| 8:49 | Crear | Villager (Male) |
| 9:04 | Crear | Fishing Ship |
| 9:32 | Construir | House |
| 9:36 | Crear | Fishing Ship |
| 9:39 | Crear | Villager (Male) |
| 10:05 | Construir | House |
| 10:21 | Crear | Villager (Male) |
| 10:41 | Construir | Mill |
| 10:43 | Crear | Villager (Male) |
| 11:12 | Construir | House |
| 11:25 | Crear | Villager (Male) |
| 11:32 | Investigar | Feudal Age |
| 11:42 | Construir | Lumber Camp |
| 12:42 | Crear | Villager (Male) |
| 13:47 | Construir | House |
| 14:00 | Edad | Edad Feudal |
| 14:02 | Construir | Market |
| 14:07 | Construir | Blacksmith |
| 14:22 | Crear | Villager (Male) |
| 14:41 | Investigar | Double-Bit Axe |
| 14:52 | Investigar | Castle Age |
| 14:52 | Investigar | Castle Age |
| 15:51 | Construir | House |
| 17:10 | Crear | Villager (Male) |
| 17:32 | Edad | Edad de los Castillos |
| 17:34 | Construir | Town Center |
| 17:36 | Construir | Town Center |
| 17:38 | Investigar | Bow Saw |
| 17:40 | Investigar | Horse Collar |
| 17:49 | Construir | Monastery |
| 17:50 | Crear | Villager (Male) |
| 18:13 | Crear | Villager (Male) |
| 18:39 | Investigar | Stone Mining |
| 18:42 | Crear | Villager (Male) |
| 18:46 | Crear | Monk |
| 18:49 | Construir | House |
| 18:51 | Crear | Villager (Male) |
| 18:51 | Crear | Villager (Male) |
| 18:59 | Crear | Villager (Male) |
| 18:59 | Crear | Villager (Male) |
| 19:00 | Crear | Villager (Male) ×5 |
| 19:17 | Crear | Fishing Ship |
| 19:20 | Crear | Villager (Male) ×5 |
| 19:29 | Construir | House |
| 19:57 | Crear | Villager (Male) ×2 |
| 20:04 | Investigar | Heavy Plow |
| 20:06 | Construir | Farm |
| 20:06 | Construir | Farm |
| 20:08 | Construir | Farm |
| 20:10 | Construir | Farm |
| 20:17 | Crear | Villager (Male) ×2 |
| 20:27 | Construir | Farm |
| 20:32 | Construir | Farm |
| 20:36 | Construir | Farm |
| 20:39 | Construir | Farm |
| 20:41 | Crear | Villager (Male) |
| 20:43 | Crear | Monk |
| 20:45 | Construir | House |
| 20:52 | Construir | Farm |
| 20:56 | Construir | Farm |
| 20:57 | Crear | Villager (Male) |
| 21:09 | Construir | Palisade Gate |
| 21:24 | Crear | Villager (Male) ×3 |
| 21:33 | Construir | Farm |
| 21:45 | Crear | Villager (Male) ×2 |
| 21:45 | Crear | Villager (Male) ×2 |
| 21:47 | Construir | House |
| 21:57 | Construir | Farm |
| 21:58 | Construir | Farm |
| 21:59 | Construir | Farm |
| 22:01 | Construir | Farm |
| 22:22 | Construir | Barracks |
| 22:26 | Crear | Villager (Male) ×5 |
| 22:47 | Construir | House |
| 22:47 | Crear | Villager (Male) ×3 |
| 22:53 | Investigar | Sanctity |
| 22:55 | Crear | Monk |
| 23:09 | Construir | Farm |
| 23:10 | Construir | Farm |
| 23:11 | Construir | Farm |
| 23:14 | Construir | Farm |
| 23:16 | Construir | Farm |
| 23:18 | Construir | Farm |
| 23:21 | Construir | Farm |
| 23:23 | Construir | Farm |
| 23:24 | Crear | Villager (Male) ×5 |
| 23:35 | Construir | House |
| 23:59 | Construir | Town Center |
| 24:02 | Construir | House |
| 24:04 | Crear | Villager (Male) |
| 24:06 | Construir | House |
| 24:20 | Crear | Villager (Male) ×5 |
| 24:32 | Construir | Castle |
| 24:40 | Crear | Villager (Male) ×5 |
| 25:03 | Crear | Villager (Male) ×5 |
| 25:15 | Construir | Mill |
| 25:16 | Construir | Farm |
| 25:16 | Construir | Farm |
| 25:17 | Construir | Farm |
| 25:17 | Construir | Farm |
| 25:19 | Construir | House |
| 25:43 | Construir | House |
| 25:44 | Construir | House |
| 25:46 | Construir | House |
| 26:01 | Construir | Barracks |
| 26:02 | Crear | Villager (Male) ×5 |
| 26:06 | Construir | University |
| 26:08 | Crear | Villager (Male) |
| 26:17 | Investigar | Wheelbarrow |
| 26:19 | Investigar | Town Watch |
| 26:21 | Crear | Villager (Male) |
| 26:22 | Crear | Villager (Male) |
| 26:22 | Crear | Villager (Male) ×5 |
| 26:40 | Construir | Mill |
| 26:40 | Construir | Farm |
| 26:40 | Construir | Farm |
Build order — Rule xLEIRAx13
Primeras 150 de 236 acciones detectadas
| 0:23 | Construir | Town Center |
| 0:57 | Construir | Dock |
| 2:37 | Crear | Villager (Male) ×4 |
| 3:22 | Crear | Fishing Ship |
| 3:51 | Crear | Villager (Male) |
| 4:12 | Construir | House |
| 4:21 | Investigar | Loom |
| 4:50 | Crear | Fishing Ship |
| 5:04 | Crear | Villager (Male) |
| 5:27 | Crear | Fishing Ship |
| 6:03 | Crear | Villager (Male) |
| 6:19 | Construir | House |
| 6:38 | Crear | Villager (Male) |
| 6:40 | Crear | Villager (Male) |
| 6:52 | Crear | Villager (Male) |
| 6:58 | Crear | Fishing Ship |
| 7:32 | Crear | Fishing Ship |
| 7:34 | Crear | Villager (Male) |
| 7:41 | Construir | House |
| 8:14 | Crear | Fishing Ship |
| 8:15 | Crear | Villager (Male) |
| 8:35 | Crear | Villager (Male) ×3 |
| 8:41 | Crear | Fishing Ship |
| 9:37 | Construir | Dock |
| 9:40 | Crear | Villager (Male) ×2 |
| 9:52 | Crear | Fishing Ship |
| 10:37 | Crear | Fishing Ship |
| 10:40 | Construir | Palisade Wall |
| 10:51 | Crear | Fishing Ship |
| 10:52 | Crear | Fishing Ship |
| 10:56 | Crear | Villager (Male) |
| 11:11 | Construir | House |
| 11:34 | Construir | Lumber Camp |
| 11:35 | Crear | Villager (Male) |
| 11:54 | Crear | Fishing Ship |
| 11:57 | Investigar | Feudal Age |
| 12:34 | Crear | Fishing Ship |
| 12:35 | Crear | Fishing Ship |
| 12:57 | Construir | House |
| 12:58 | Construir | House |
| 14:10 | Crear | Villager (Male) |
| 14:12 | Crear | Villager (Male) |
| 14:24 | Construir | Mill |
| 14:29 | Construir | Blacksmith |
| 14:37 | Construir | Palisade Wall |
| 14:42 | Construir | Palisade Wall |
| 14:53 | Crear | Villager (Male) |
| 15:18 | Construir | Market |
| 15:31 | Crear | Villager (Male) |
| 15:36 | Investigar | Double-Bit Axe |
| 15:55 | Crear | Fire Galley |
| 15:58 | Crear | Fire Galley |
| 16:06 | Investigar | Castle Age |
| 16:27 | Crear | Fire Galley |
| 16:30 | Crear | Fire Galley |
| 16:54 | Construir | House |
| 16:56 | Construir | House |
| 17:24 | Construir | Dock |
| 17:55 | Crear | Villager (Male) |
| 18:05 | Construir | House |
| 18:06 | Construir | House |
| 18:10 | Construir | House |
| 18:12 | Construir | House |
| 18:13 | Construir | House |
| 18:52 | Crear | Villager (Male) |
| 18:59 | Construir | Town Center |
| 19:01 | Investigar | Bow Saw |
| 19:06 | Crear | Villager (Male) |
| 19:25 | Crear | Villager (Male) |
| 19:46 | Investigar | Tech 906 |
| 20:00 | Construir | Barracks |
| 20:01 | Crear | Villager (Male) |
| 20:01 | Crear | Villager (Male) |
| 20:26 | Crear | Villager (Male) |
| 20:26 | Crear | Villager (Male) |
| 20:27 | Crear | Villager (Male) |
| 21:01 | Crear | Villager (Male) |
| 21:06 | Construir | House |
| 21:07 | Construir | House |
| 21:16 | Crear | Villager (Male) |
| 21:16 | Crear | Villager (Male) |
| 21:23 | Crear | Villager (Male) |
| 21:34 | Construir | Stable |
| 21:36 | Construir | Stable |
| 21:40 | Investigar | Scale Barding Armor |
| 21:43 | Crear | Villager (Male) |
| 21:43 | Crear | Villager (Male) |
| 21:50 | Construir | University |
| 22:04 | Crear | Villager (Male) |
| 22:07 | Construir | Stable |
| 22:10 | Construir | Stable |
| 22:15 | Crear | Villager (Male) |
| 22:20 | Construir | House |
| 22:21 | Construir | House |
| 22:43 | Construir | Dock |
| 22:45 | Crear | Villager (Male) |
| 22:45 | Crear | Villager (Male) |
| 22:58 | Investigar | Forging |
| 23:18 | Construir | Monastery |
| 23:20 | Investigar | Bloodlines |
| 23:20 | Investigar | Husbandry |
| 23:23 | Investigar | Chain Barding Armor |
| 23:24 | Crear | Villager (Male) |
| 23:24 | Crear | Villager (Male) |
| 23:27 | Crear | Villager (Male) |
| 23:27 | Crear | Villager (Male) |
| 23:42 | Construir | Lumber Camp |
| 23:59 | Crear | Villager (Male) |
| 23:59 | Crear | Villager (Male) |
| 24:18 | Investigar | Gillnets |
| 24:40 | Crear | Villager (Male) |
| 24:41 | Crear | Villager (Male) |
| 25:04 | Construir | Stable |
| 25:18 | Investigar | Imperial Age |
| 25:23 | Construir | Mining Camp |
| 25:28 | Crear | Villager (Male) |
| 25:38 | Construir | Stable |
| 25:59 | Investigar | Wheelbarrow |
| 26:00 | Investigar | Wheelbarrow |
| 26:20 | Construir | Dock |
| 26:23 | Crear | Knight |
| 26:23 | Crear | Knight |
| 26:23 | Crear | Knight |
| 26:24 | Crear | Knight |
| 26:32 | Investigar | Gold Mining |
| 26:36 | Construir | House |
| 26:37 | Construir | House |
| 26:39 | Construir | House |
| 26:51 | Crear | Villager (Male) |
| 26:52 | Crear | Villager (Male) |
| 27:02 | Crear | Knight |
| 27:02 | Crear | Knight |
| 27:03 | Crear | Knight |
| 27:03 | Crear | Knight |
| 27:23 | Construir | Lumber Camp |
| 27:37 | Crear | Fishing Ship |
| 27:38 | Crear | Fishing Ship |
| 27:41 | Crear | Villager (Male) |
| 27:41 | Crear | Villager (Male) |
| 27:46 | Crear | Knight |
| 27:46 | Crear | Knight |
| 27:46 | Crear | Knight |
| 27:46 | Crear | Knight |
| 28:09 | Construir | Fish Trap |
| 28:11 | Construir | Fish Trap |
| 28:16 | Construir | Fish Trap |
| 28:21 | Construir | Fish Trap |
| 28:26 | Construir | Fish Trap |
| 28:47 | Investigar | Cavalier (upgrade) |
| 28:47 | Investigar | Cavalier (upgrade) |
Build order — Bzm_Going
Primeras 150 de 382 acciones detectadas
| 0:05 | Construir | Town Center |
| 1:06 | Construir | Dock |
| 1:08 | Construir | House |
| 2:32 | Crear | Villager (Male) |
| 2:32 | Crear | Villager (Male) |
| 2:32 | Crear | Villager (Male) |
| 2:32 | Crear | Villager (Male) |
| 2:32 | Crear | Villager (Male) |
| 3:29 | Crear | Fishing Ship |
| 3:29 | Crear | Fishing Ship |
| 3:57 | Investigar | Loom |
| 4:15 | Crear | Villager (Male) |
| 4:15 | Crear | Villager (Male) |
| 4:33 | Construir | House |
| 4:41 | Crear | Villager (Male) |
| 4:42 | Crear | Villager (Male) |
| 5:05 | Crear | Fishing Ship |
| 5:14 | Crear | Villager (Male) |
| 5:14 | Crear | Villager (Male) |
| 5:43 | Crear | Villager (Male) |
| 5:44 | Crear | Villager (Male) |
| 6:13 | Construir | House |
| 6:16 | Crear | Fishing Ship |
| 6:16 | Crear | Fishing Ship |
| 6:17 | Crear | Villager (Male) |
| 6:17 | Crear | Villager (Male) |
| 6:27 | Crear | Villager (Male) |
| 6:27 | Crear | Villager (Male) |
| 6:59 | Crear | Fishing Ship |
| 7:00 | Crear | Villager (Male) |
| 7:07 | Construir | House |
| 7:40 | Crear | Villager (Male) |
| 7:40 | Crear | Villager (Male) |
| 7:40 | Crear | Villager (Male) |
| 7:40 | Crear | Villager (Male) |
| 7:53 | Crear | Fishing Ship |
| 8:10 | Construir | Mill |
| 8:12 | Crear | Villager (Male) |
| 8:22 | Crear | Villager (Male) |
| 8:40 | Crear | Villager (Male) |
| 8:53 | Crear | Villager (Male) |
| 9:00 | Construir | House |
| 9:21 | Crear | Villager (Male) |
| 9:21 | Crear | Villager (Male) |
| 9:30 | Construir | Mining Camp |
| 9:50 | Crear | Villager (Male) |
| 10:22 | Crear | Villager (Male) |
| 10:22 | Crear | Villager (Male) |
| 10:55 | Construir | Mill |
| 11:08 | Crear | Villager (Male) |
| 11:15 | Investigar | Feudal Age |
| 12:59 | Crear | Villager (Male) |
| 13:00 | Crear | Villager (Male) |
| 13:37 | Crear | Villager (Male) |
| 13:38 | Crear | Villager (Male) |
| 13:47 | Edad | Edad Feudal |
| 13:49 | Construir | Market |
| 13:51 | Construir | Blacksmith |
| 14:04 | Construir | Lumber Camp |
| 14:15 | Crear | Villager (Male) |
| 14:38 | Investigar | Castle Age |
| 14:38 | Investigar | Castle Age |
| 14:57 | Investigar | Gold Mining |
| 15:29 | Construir | House |
| 15:36 | Construir | House |
| 15:38 | Construir | House |
| 15:41 | Construir | Palisade Wall |
| 15:43 | Construir | House |
| 15:45 | Construir | House |
| 15:47 | Investigar | Double-Bit Axe |
| 15:55 | Construir | Mill |
| 15:59 | Investigar | Horse Collar |
| 16:42 | Crear | Villager (Male) |
| 16:52 | Construir | Palisade Wall |
| 17:18 | Edad | Edad de los Castillos |
| 17:21 | Construir | Town Center |
| 17:24 | Crear | Villager (Male) |
| 17:24 | Crear | Villager (Male) |
| 17:25 | Crear | Villager (Male) |
| 17:40 | Construir | Town Center |
| 17:55 | Investigar | Bow Saw |
| 17:59 | Crear | Villager (Male) |
| 18:04 | Construir | Farm |
| 18:05 | Construir | Farm |
| 18:07 | Construir | Farm |
| 18:26 | Crear | Villager (Male) |
| 18:26 | Crear | Villager (Male) |
| 18:50 | Crear | Villager (Male) |
| 18:50 | Crear | Villager (Male) |
| 19:04 | Construir | Farm |
| 19:05 | Construir | Farm |
| 19:06 | Construir | Farm |
| 19:07 | Crear | Villager (Male) |
| 19:07 | Crear | Villager (Male) |
| 19:08 | Crear | Villager (Male) |
| 19:09 | Crear | Villager (Male) |
| 19:13 | Crear | Villager (Male) |
| 19:14 | Crear | Villager (Male) |
| 19:18 | Crear | Villager (Male) |
| 19:26 | Construir | Farm |
| 19:34 | Construir | Farm |
| 19:40 | Crear | Villager (Male) |
| 19:40 | Crear | Villager (Male) |
| 19:44 | Construir | Farm |
| 19:46 | Crear | Villager (Male) |
| 19:46 | Crear | Villager (Male) |
| 19:52 | Construir | Farm |
| 19:53 | Crear | Villager (Male) |
| 19:53 | Crear | Villager (Male) |
| 20:01 | Construir | Farm |
| 20:16 | Crear | Villager (Male) |
| 20:30 | Construir | Town Center |
| 20:32 | Crear | Villager (Male) |
| 20:32 | Crear | Villager (Male) |
| 20:46 | Construir | Farm |
| 20:47 | Crear | Villager (Male) |
| 20:48 | Crear | Villager (Male) |
| 20:53 | Crear | Villager (Male) |
| 20:53 | Crear | Villager (Male) |
| 21:07 | Crear | Villager (Male) |
| 21:07 | Crear | Villager (Male) |
| 21:07 | Crear | Villager (Male) |
| 21:07 | Crear | Villager (Male) |
| 21:20 | Construir | Farm |
| 21:21 | Construir | Farm |
| 21:22 | Construir | Farm |
| 21:23 | Crear | Villager (Male) |
| 21:33 | Construir | Lumber Camp |
| 21:34 | Crear | Villager (Male) |
| 21:34 | Crear | Villager (Male) |
| 21:34 | Crear | Villager (Male) |
| 21:39 | Crear | Villager (Male) |
| 21:39 | Crear | Villager (Male) |
| 21:39 | Crear | Villager (Male) |
| 21:58 | Crear | Villager (Male) |
| 21:58 | Crear | Villager (Male) |
| 21:58 | Crear | Villager (Male) |
| 22:02 | Construir | Farm |
| 22:03 | Construir | Farm |
| 22:04 | Construir | Farm |
| 22:05 | Construir | Farm |
| 22:13 | Construir | Farm |
| 22:13 | Construir | Farm |
| 22:15 | Crear | Villager (Male) |
| 22:15 | Crear | Villager (Male) |
| 22:19 | Construir | Farm |
| 22:20 | Construir | Farm |
| 22:21 | Crear | Villager (Male) |
| 22:21 | Crear | Villager (Male) |
| 22:45 | Crear | Villager (Male) |
Build order — Dekodie
Primeras 150 de 591 acciones detectadas
| 0:35 | Construir | Town Center |
| 1:30 | Construir | Dock |
| 2:53 | Crear | Villager (Male) |
| 2:53 | Crear | Villager (Male) |
| 2:53 | Crear | Villager (Male) |
| 2:54 | Crear | Villager (Male) |
| 2:54 | Crear | Villager (Male) |
| 3:05 | Crear | Fishing Ship |
| 3:05 | Crear | Fishing Ship |
| 3:51 | Crear | Fishing Ship |
| 4:06 | Crear | Villager (Male) |
| 4:06 | Crear | Villager (Male) |
| 4:10 | Construir | House |
| 5:10 | Crear | Fishing Ship |
| 5:14 | Crear | Villager (Male) |
| 5:14 | Crear | Villager (Male) |
| 5:37 | Crear | Villager (Male) |
| 5:38 | Crear | Villager (Male) |
| 5:39 | Construir | House |
| 6:03 | Crear | Fishing Ship |
| 6:07 | Crear | Villager (Male) |
| 6:07 | Crear | Villager (Male) |
| 6:21 | Crear | Villager (Male) |
| 6:21 | Crear | Villager (Male) |
| 6:39 | Investigar | Loom |
| 6:45 | Crear | Villager (Male) |
| 6:45 | Crear | Villager (Male) |
| 6:51 | Crear | Fishing Ship |
| 6:56 | Construir | House |
| 7:33 | Crear | Villager (Male) |
| 7:33 | Crear | Villager (Male) |
| 7:33 | Crear | Villager (Male) |
| 7:37 | Crear | Fishing Ship |
| 7:43 | Crear | Villager (Male) |
| 7:43 | Crear | Villager (Male) |
| 7:43 | Crear | Villager (Male) |
| 8:15 | Crear | Villager (Male) |
| 8:15 | Crear | Villager (Male) |
| 8:15 | Crear | Villager (Male) |
| 8:16 | Crear | Villager (Male) |
| 8:27 | Construir | Mining Camp |
| 8:42 | Construir | House |
| 8:45 | Crear | Villager (Male) |
| 9:24 | Crear | Villager (Male) |
| 9:34 | Crear | Villager (Male) |
| 9:50 | Construir | House |
| 10:05 | Crear | Villager (Male) |
| 10:09 | Construir | Mill |
| 10:11 | Crear | Fishing Ship |
| 10:13 | Crear | Villager (Male) |
| 10:21 | Construir | House |
| 10:37 | Investigar | Feudal Age |
| 10:37 | Investigar | Feudal Age |
| 10:38 | Investigar | Feudal Age |
| 11:40 | Crear | Villager (Male) |
| 11:41 | Crear | Villager (Male) |
| 12:57 | Edad | Edad Feudal |
| 12:59 | Construir | Market |
| 13:01 | Construir | Blacksmith |
| 13:47 | Investigar | Castle Age |
| 13:47 | Investigar | Castle Age |
| 14:21 | Construir | Lumber Camp |
| 15:00 | Crear | Villager (Male) |
| 15:06 | Crear | Villager (Male) |
| 15:20 | Investigar | Double-Bit Axe |
| 15:21 | Investigar | Double-Bit Axe |
| 16:10 | Crear | Villager (Male) |
| 16:12 | Edad | Edad de los Castillos |
| 16:14 | Construir | Town Center |
| 16:17 | Construir | Town Center |
| 16:35 | Construir | House |
| 16:56 | Construir | Town Center |
| 16:57 | Crear | Villager (Male) |
| 17:19 | Crear | Villager (Male) |
| 17:41 | Investigar | Bow Saw |
| 17:41 | Investigar | Bow Saw |
| 17:42 | Crear | Villager (Male) |
| 17:51 | Crear | Villager (Male) |
| 18:01 | Crear | Villager (Male) |
| 18:01 | Crear | Villager (Male) |
| 18:04 | Crear | Villager (Male) |
| 18:04 | Crear | Villager (Male) |
| 18:05 | Crear | Villager (Male) |
| 18:05 | Crear | Villager (Male) |
| 18:09 | Construir | Farm |
| 18:22 | Construir | Farm |
| 18:25 | Construir | Farm |
| 18:26 | Crear | Villager (Male) |
| 18:30 | Crear | Villager (Male) |
| 18:31 | Crear | Villager (Male) |
| 18:34 | Construir | Farm |
| 18:37 | Construir | Farm |
| 18:42 | Crear | Villager (Male) |
| 18:42 | Crear | Villager (Male) |
| 18:51 | Construir | Farm |
| 18:54 | Construir | Farm |
| 18:55 | Crear | Villager (Male) |
| 18:56 | Crear | Villager (Male) |
| 18:59 | Construir | Farm |
| 19:03 | Construir | Farm |
| 19:11 | Construir | Farm |
| 19:16 | Crear | Villager (Male) |
| 19:16 | Crear | Villager (Male) |
| 19:20 | Construir | Farm |
| 19:23 | Crear | Villager (Male) |
| 19:24 | Crear | Villager (Male) |
| 19:26 | Construir | Farm |
| 19:32 | Construir | Farm |
| 19:34 | Crear | Villager (Male) |
| 19:35 | Crear | Villager (Male) |
| 19:36 | Crear | Villager (Male) |
| 19:38 | Construir | House |
| 19:39 | Crear | Villager (Male) |
| 19:40 | Crear | Villager (Male) |
| 19:43 | Construir | Farm |
| 19:53 | Construir | Farm |
| 19:54 | Crear | Villager (Male) |
| 19:54 | Crear | Villager (Male) |
| 19:55 | Crear | Villager (Male) |
| 19:55 | Crear | Villager (Male) |
| 19:59 | Construir | Farm |
| 20:00 | Crear | Villager (Male) |
| 20:04 | Construir | House |
| 20:10 | Construir | Farm |
| 20:11 | Construir | Farm |
| 20:13 | Construir | House |
| 20:13 | Crear | Villager (Male) |
| 20:14 | Crear | Villager (Male) |
| 20:14 | Crear | Villager (Male) |
| 20:17 | Construir | Farm |
| 20:19 | Crear | Villager (Male) |
| 20:20 | Crear | Villager (Male) |
| 20:23 | Construir | Farm |
| 20:28 | Construir | Farm |
| 20:33 | Crear | Villager (Male) |
| 20:42 | Construir | Farm |
| 20:44 | Construir | Farm |
| 20:45 | Crear | Villager (Male) |
| 20:45 | Crear | Villager (Male) |
| 20:48 | Construir | Farm |
| 20:58 | Construir | Farm |
| 20:59 | Crear | Villager (Male) |
| 21:03 | Crear | Villager (Male) |
| 21:03 | Crear | Villager (Male) |
| 21:07 | Construir | Farm |
| 21:08 | Crear | Villager (Male) |
| 21:08 | Crear | Villager (Male) |
| 21:13 | Construir | Farm |
| 21:18 | Construir | Farm |
| 21:18 | Crear | Villager (Male) |
Build order — AiM | Facu1414
Primeras 150 de 176 acciones detectadas
| 1:32 | Construir | Town Center |
| 1:44 | Construir | Palisade Wall |
| 1:46 | Construir | Palisade Wall |
| 1:47 | Construir | Palisade Wall |
| 1:49 | Construir | Palisade Wall |
| 2:32 | Construir | Palisade Wall |
| 3:04 | Construir | Dock |
| 3:09 | Construir | House |
| 4:26 | Crear | Villager (Male) ×4 |
| 5:52 | Crear | Villager (Male) |
| 5:52 | Crear | Villager (Male) |
| 5:55 | Construir | House |
| 6:26 | Investigar | Loom |
| 6:28 | Crear | Villager (Male) |
| 6:28 | Crear | Villager (Male) |
| 6:49 | Crear | Fishing Ship |
| 7:25 | Crear | Villager (Male) |
| 7:25 | Crear | Villager (Male) |
| 7:30 | Construir | House |
| 8:10 | Crear | Villager (Male) |
| 8:10 | Crear | Villager (Male) |
| 8:12 | Crear | Fishing Ship |
| 8:12 | Crear | Fishing Ship |
| 8:45 | Crear | Villager (Male) |
| 8:45 | Crear | Villager (Male) |
| 9:07 | Crear | Fishing Ship |
| 9:11 | Crear | Villager (Male) |
| 9:12 | Crear | Villager (Male) |
| 9:12 | Crear | Villager (Male) |
| 9:20 | Construir | House |
| 9:24 | Construir | House |
| 9:37 | Crear | Villager (Male) |
| 9:37 | Crear | Villager (Male) |
| 9:57 | Construir | House |
| 10:00 | Crear | Villager (Male) |
| 10:00 | Crear | Villager (Male) |
| 10:23 | Crear | Fishing Ship |
| 10:23 | Crear | Fishing Ship |
| 11:00 | Crear | Villager (Male) |
| 11:00 | Crear | Villager (Male) |
| 11:01 | Crear | Fishing Ship |
| 11:11 | Construir | House |
| 11:18 | Crear | Villager (Male) |
| 11:18 | Crear | Villager (Male) |
| 11:18 | Crear | Villager (Male) |
| 11:19 | Crear | Villager (Male) |
| 11:21 | Crear | Fishing Ship |
| 11:29 | Crear | Villager (Male) |
| 11:30 | Crear | Villager (Male) |
| 11:30 | Crear | Villager (Male) |
| 11:57 | Construir | House |
| 12:01 | Construir | House |
| 12:07 | Construir | House |
| 12:10 | Crear | Fishing Ship |
| 12:46 | Construir | Dock |
| 13:11 | Crear | Fishing Ship |
| 13:23 | Crear | Fishing Ship |
| 13:31 | Investigar | Feudal Age |
| 13:47 | Construir | Farm |
| 13:53 | Construir | Farm |
| 14:31 | Crear | Fishing Ship |
| 14:31 | Crear | Fishing Ship |
| 14:32 | Crear | Fishing Ship |
| 14:39 | Construir | House |
| 15:03 | Crear | Fishing Ship |
| 15:03 | Crear | Fishing Ship |
| 15:15 | Crear | Fishing Ship |
| 15:15 | Crear | Fishing Ship |
| 15:31 | Construir | House |
| 15:41 | Edad | Edad Feudal |
| 15:57 | Investigar | Castle Age |
| 15:57 | Investigar | Castle Age |
| 16:23 | Construir | Stable |
| 16:40 | Crear | Villager (Male) |
| 16:41 | Crear | Villager (Male) |
| 16:45 | Crear | Fishing Ship ×2 |
| 16:46 | Crear | Fishing Ship ×2 |
| 16:46 | Crear | Fishing Ship ×2 |
| 17:01 | Construir | House |
| 17:05 | Construir | House |
| 17:08 | Crear | Fishing Ship |
| 17:09 | Crear | Fishing Ship |
| 17:23 | Construir | Outpost |
| 17:31 | Investigar | Town Watch |
| 17:32 | Investigar | Wheelbarrow |
| 17:42 | Construir | Outpost |
| 18:07 | Crear | Fishing Ship |
| 18:07 | Crear | Fishing Ship |
| 18:37 | Edad | Edad de los Castillos |
| 18:48 | Investigar | Tech 906 |
| 19:07 | Crear | Villager (Male) |
| 19:07 | Crear | Villager (Male) |
| 19:50 | Construir | Town Center |
| 20:24 | Investigar | Town Patrol |
| 21:11 | Crear | Villager (Male) |
| 21:11 | Crear | Villager (Male) |
| 21:12 | Crear | Villager (Male) |
| 21:20 | Construir | Lumber Camp |
| 21:26 | Crear | Villager (Male) |
| 21:26 | Crear | Villager (Male) |
| 21:26 | Crear | Villager (Male) |
| 22:19 | Construir | Siege Workshop |
| 22:22 | Construir | Siege Workshop |
| 22:50 | Crear | Scorpion |
| 22:50 | Crear | Scorpion |
| 24:13 | Crear | Villager (Male) |
| 24:13 | Crear | Villager (Male) |
| 24:13 | Crear | Villager (Male) |
| 24:30 | Investigar | Imperial Age |
| 24:34 | Construir | University |
| 24:43 | Crear | Villager (Male) |
| 24:43 | Crear | Villager (Male) |
| 24:53 | Crear | Villager (Male) |
| 24:53 | Crear | Villager (Male) |
| 24:53 | Crear | Villager (Male) |
| 25:03 | Crear | Villager (Male) |
| 25:03 | Crear | Villager (Male) |
| 25:59 | Construir | House |
| 26:00 | Construir | House |
| 26:03 | Construir | House |
| 26:22 | Construir | Market |
| 26:46 | Investigar | Double-Bit Axe |
| 27:02 | Construir | Castle |
| 27:14 | Crear | Villager (Male) |
| 27:14 | Crear | Villager (Male) |
| 27:14 | Crear | Villager (Male) |
| 27:20 | Investigar | Hand Cart |
| 27:48 | Edad | Edad Imperial |
| 27:52 | Investigar | Chemistry |
| 27:52 | Investigar | Ballistics |
| 27:56 | Crear | Villager (Male) |
| 27:56 | Crear | Villager (Male) |
| 27:56 | Crear | Villager (Male) |
| 28:05 | Construir | Siege Workshop |
| 28:21 | Construir | Stone Wall |
| 28:27 | Crear | Villager (Male) |
| 28:28 | Crear | Villager (Male) |
| 28:42 | Crear | Villager (Male) |
| 28:42 | Crear | Villager (Male) |
| 28:43 | Crear | Villager (Male) |
| 29:15 | Construir | Siege Workshop |
| 29:34 | Crear | Scorpion ×4 |
| 30:01 | Crear | Villager (Male) |
| 30:01 | Crear | Villager (Male) |
| 30:02 | Crear | Villager (Male) |
| 30:02 | Crear | Villager (Male) |
| 30:18 | Construir | House |
| 30:21 | Construir | House |
| 30:46 | Crear | Villager (Male) |
| 30:47 | Crear | Villager (Male) |
Build order — Optimus
Primeras 150 de 360 acciones detectadas
| 0:15 | Construir | Dock |
| 0:22 | Construir | Town Center |
| 0:45 | Construir | House |
| 2:39 | Crear | Villager (Male) |
| 2:40 | Crear | Villager (Male) |
| 2:48 | Crear | Villager (Male) |
| 3:17 | Crear | Fishing Ship |
| 3:39 | Crear | Villager (Male) |
| 3:58 | Crear | Villager (Male) |
| 4:08 | Crear | Fishing Ship |
| 4:24 | Construir | House |
| 4:37 | Crear | Villager (Male) |
| 4:57 | Crear | Fishing Ship |
| 4:57 | Crear | Fishing Ship |
| 5:05 | Investigar | Loom |
| 5:33 | Crear | Fishing Ship |
| 5:43 | Crear | Villager (Male) |
| 5:56 | Construir | House |
| 6:15 | Crear | Villager (Male) |
| 6:20 | Crear | Fishing Ship |
| 6:53 | Crear | Villager (Male) |
| 7:02 | Crear | Fishing Ship |
| 7:08 | Crear | Villager (Male) |
| 7:13 | Construir | House |
| 7:41 | Crear | Villager (Male) |
| 7:56 | Construir | House |
| 7:57 | Crear | Villager (Male) |
| 8:10 | Crear | Fishing Ship |
| 8:29 | Crear | Villager (Male) |
| 8:38 | Crear | Villager (Male) |
| 8:47 | Crear | Villager (Male) |
| 8:54 | Construir | House |
| 9:05 | Construir | Lumber Camp |
| 9:32 | Investigar | Feudal Age |
| 9:32 | Investigar | Feudal Age |
| 10:59 | Construir | Dock |
| 11:28 | Construir | Mill |
| 11:42 | Edad | Edad Feudal |
| 11:42 | Crear | Villager (Male) |
| 12:07 | Crear | Villager (Male) |
| 12:12 | Construir | Market |
| 12:15 | Construir | Blacksmith |
| 12:28 | Crear | Villager (Male) |
| 13:01 | Investigar | Castle Age |
| 13:30 | Investigar | Double-Bit Axe |
| 13:49 | Construir | Lumber Camp |
| 13:57 | Construir | Lumber Camp |
| 14:09 | Investigar | Tech 906 |
| 14:12 | Crear | Fishing Ship |
| 14:56 | Crear | Fishing Ship |
| 14:57 | Crear | Fishing Ship |
| 15:09 | Construir | Dock |
| 15:36 | Crear | Fishing Ship |
| 15:37 | Crear | Fishing Ship |
| 15:38 | Crear | Villager (Male) |
| 15:41 | Edad | Edad de los Castillos |
| 15:44 | Construir | Town Center |
| 15:46 | Crear | Villager (Male) |
| 15:52 | Construir | Monastery |
| 16:10 | Investigar | Bow Saw |
| 16:25 | Crear | Monk |
| 16:29 | Crear | Villager (Male) |
| 16:40 | Investigar | Gillnets |
| 16:40 | Investigar | Gillnets |
| 16:55 | Crear | Villager (Male) |
| 17:08 | Crear | Villager (Male) |
| 17:09 | Crear | Villager (Male) |
| 17:22 | Construir | Town Center |
| 17:23 | Crear | Villager (Male) |
| 17:38 | Crear | Fishing Ship |
| 17:38 | Crear | Fishing Ship |
| 17:38 | Crear | Fishing Ship |
| 17:39 | Crear | Villager (Male) |
| 17:51 | Crear | Fishing Ship |
| 17:52 | Crear | Fishing Ship |
| 17:52 | Crear | Fishing Ship |
| 17:52 | Crear | Villager (Male) |
| 18:02 | Crear | Villager (Male) |
| 18:11 | Crear | Monk |
| 18:19 | Construir | House |
| 18:21 | Investigar | Wheelbarrow |
| 18:34 | Construir | Dock |
| 18:38 | Crear | Villager (Male) |
| 18:47 | Construir | House |
| 18:47 | Construir | House |
| 18:47 | Construir | House |
| 18:48 | Construir | House |
| 18:48 | Construir | House |
| 18:51 | Crear | Villager (Male) |
| 18:54 | Crear | Fishing Ship |
| 18:54 | Crear | Fishing Ship |
| 18:58 | Crear | Villager (Male) |
| 19:07 | Crear | Villager (Male) |
| 19:09 | Crear | Villager (Male) |
| 19:15 | Crear | Villager (Male) |
| 19:23 | Crear | Fishing Ship |
| 19:23 | Crear | Fishing Ship |
| 19:24 | Crear | Fishing Ship |
| 19:24 | Crear | Fishing Ship |
| 19:36 | Crear | Villager (Male) |
| 19:37 | Crear | Villager (Male) |
| 19:40 | Crear | Fishing Ship |
| 19:40 | Crear | Fishing Ship |
| 19:40 | Crear | Fishing Ship |
| 19:52 | Construir | Outpost |
| 19:54 | Investigar | Town Watch |
| 19:57 | Crear | Fishing Ship |
| 19:57 | Crear | Fishing Ship |
| 19:57 | Crear | Fishing Ship |
| 19:57 | Crear | Fishing Ship |
| 19:59 | Crear | Villager (Male) |
| 20:07 | Crear | Villager (Male) |
| 20:19 | Crear | Villager (Male) |
| 20:44 | Crear | Villager (Male) |
| 20:53 | Construir | House |
| 20:54 | Construir | House |
| 20:55 | Construir | House |
| 20:55 | Construir | House |
| 21:03 | Investigar | Hand Cart |
| 21:21 | Crear | Villager (Male) |
| 21:21 | Crear | Villager (Male) |
| 21:22 | Crear | Villager (Male) |
| 21:43 | Crear | Villager (Male) |
| 21:53 | Crear | Villager (Male) |
| 22:15 | Crear | Monk |
| 22:15 | Crear | Villager (Male) |
| 22:15 | Crear | Villager (Male) |
| 22:16 | Crear | Villager (Male) |
| 22:26 | Crear | Villager (Male) |
| 22:26 | Crear | Villager (Male) |
| 22:37 | Investigar | Horse Collar |
| 22:54 | Crear | Villager (Male) |
| 22:54 | Crear | Villager (Male) |
| 23:00 | Investigar | Heavy Plow |
| 23:08 | Crear | Villager (Male) |
| 23:30 | Crear | Villager (Male) |
| 23:31 | Construir | House |
| 23:32 | Construir | House |
| 23:34 | Construir | House |
| 23:36 | Construir | House |
| 23:37 | Construir | House |
| 23:37 | Construir | House |
| 23:38 | Construir | House |
| 23:44 | Crear | Villager (Male) |
| 23:44 | Crear | Villager (Male) |
| 23:55 | Crear | Villager (Male) |
| 23:58 | Construir | Dock |
| 24:01 | Construir | Dock |
| 24:04 | Construir | Dock |
| 24:10 | Crear | Villager (Male) |
Build order — Bzm_Cordobez
Primeras 150 de 219 acciones detectadas
| 0:25 | Construir | Town Center |
| 1:13 | Construir | Dock |
| 1:44 | Construir | House |
| 4:09 | Crear | Villager (Male) |
| 4:09 | Crear | Villager (Male) |
| 4:09 | Crear | Villager (Male) |
| 4:09 | Crear | Villager (Male) |
| 4:09 | Crear | Villager (Male) |
| 5:22 | Crear | Villager (Male) |
| 5:23 | Crear | Villager (Male) |
| 5:52 | Crear | Villager (Male) |
| 5:52 | Crear | Villager (Male) |
| 6:29 | Construir | House |
| 6:59 | Crear | Villager (Male) |
| 7:00 | Crear | Villager (Male) |
| 7:00 | Crear | Villager (Male) |
| 7:00 | Crear | Villager (Male) |
| 7:22 | Crear | Villager (Male) |
| 7:22 | Crear | Villager (Male) |
| 7:29 | Crear | Fishing Ship |
| 7:30 | Crear | Fishing Ship |
| 7:30 | Crear | Fishing Ship |
| 7:41 | Crear | Villager (Male) |
| 7:41 | Crear | Villager (Male) |
| 8:15 | Construir | House |
| 8:46 | Crear | Villager (Male) |
| 8:47 | Crear | Villager (Male) |
| 8:47 | Crear | Villager (Male) |
| 8:47 | Crear | Villager (Male) |
| 8:50 | Crear | Fishing Ship |
| 8:50 | Crear | Fishing Ship |
| 8:56 | Construir | House |
| 9:28 | Crear | Fishing Ship |
| 9:29 | Crear | Fishing Ship |
| 9:30 | Crear | Villager (Male) |
| 9:31 | Crear | Villager (Male) |
| 9:31 | Crear | Villager (Male) |
| 9:48 | Crear | Villager (Male) |
| 9:49 | Crear | Villager (Male) |
| 10:09 | Crear | Fishing Ship |
| 10:09 | Crear | Fishing Ship |
| 10:11 | Crear | Villager (Male) |
| 10:12 | Crear | Villager (Male) |
| 10:12 | Crear | Villager (Male) |
| 10:15 | Construir | Palisade Wall |
| 10:32 | Construir | House |
| 11:00 | Construir | Lumber Camp |
| 11:08 | Crear | Villager (Male) |
| 11:09 | Crear | Fishing Ship |
| 11:22 | Construir | House |
| 11:33 | Investigar | Loom |
| 12:17 | Investigar | Feudal Age |
| 12:17 | Investigar | Feudal Age |
| 12:36 | Construir | Mining Camp |
| 13:00 | Construir | House |
| 13:52 | Crear | Villager (Male) |
| 13:52 | Crear | Villager (Male) |
| 14:27 | Edad | Edad Feudal |
| 14:31 | Construir | Stone Wall |
| 14:35 | Construir | Blacksmith |
| 14:39 | Construir | Mill |
| 14:49 | Crear | Villager (Male) |
| 15:09 | Construir | Market |
| 15:14 | Construir | Palisade Wall |
| 15:46 | Investigar | Castle Age |
| 15:46 | Investigar | Castle Age |
| 15:54 | Construir | Mining Camp |
| 16:19 | Investigar | Double-Bit Axe |
| 16:20 | Investigar | Horse Collar |
| 16:36 | Construir | House |
| 17:13 | Investigar | Stone Mining |
| 17:33 | Investigar | Gold Mining |
| 18:26 | Edad | Edad de los Castillos |
| 18:45 | Investigar | Bow Saw |
| 19:01 | Crear | Villager (Male) |
| 19:03 | Crear | Villager (Male) |
| 19:07 | Crear | Villager (Male) |
| 19:22 | Crear | Villager (Male) |
| 19:24 | Crear | Villager (Male) |
| 19:44 | Construir | Palisade Wall |
| 19:46 | Construir | Palisade Wall |
| 20:06 | Construir | Castle |
| 20:23 | Investigar | Padded Archer Armor |
| 20:26 | Construir | Barracks |
| 20:37 | Crear | Villager (Male) |
| 21:04 | Construir | Palisade Wall |
| 21:07 | Construir | House |
| 21:08 | Construir | Palisade Wall |
| 21:22 | Investigar | Leather Archer Armor |
| 21:37 | Crear | Conquistador |
| 21:37 | Crear | Conquistador |
| 21:44 | Construir | Stable |
| 22:11 | Crear | Conquistador |
| 22:20 | Crear | Villager (Male) |
| 22:20 | Crear | Villager (Male) |
| 22:34 | Crear | Conquistador |
| 23:08 | Construir | Siege Workshop |
| 23:22 | Construir | House |
| 23:23 | Construir | House |
| 23:27 | Crear | Conquistador |
| 23:27 | Crear | Conquistador |
| 23:28 | Crear | Villager (Male) |
| 23:29 | Crear | Villager (Male) |
| 23:51 | Crear | Villager (Male) |
| 24:25 | Investigar | Husbandry |
| 24:29 | Investigar | Bloodlines |
| 24:38 | Construir | Farm |
| 24:38 | Construir | Farm |
| 24:38 | Construir | Farm |
| 24:39 | Construir | Farm |
| 24:39 | Construir | Farm |
| 24:39 | Construir | Farm |
| 24:40 | Construir | Farm |
| 24:43 | Crear | Villager (Male) |
| 24:43 | Crear | Villager (Male) |
| 24:54 | Crear | Villager (Male) |
| 25:32 | Crear | Conquistador |
| 25:32 | Crear | Conquistador |
| 25:35 | Crear | Battering Ram |
| 25:38 | Construir | House |
| 25:39 | Construir | House |
| 25:46 | Construir | Town Center |
| 25:58 | Crear | Conquistador |
| 25:58 | Crear | Villager (Male) |
| 26:09 | Crear | Villager (Male) |
| 26:24 | Crear | Villager (Male) |
| 26:24 | Crear | Villager (Male) |
| 26:44 | Crear | Conquistador |
| 27:06 | Crear | Villager (Male) |
| 27:07 | Crear | Conquistador |
| 27:38 | Crear | Conquistador |
| 27:53 | Construir | Farm |
| 27:54 | Construir | Farm |
| 27:54 | Construir | Farm |
| 27:54 | Construir | Farm |
| 27:54 | Construir | Farm |
| 27:54 | Construir | Farm |
| 27:55 | Construir | Farm |
| 28:14 | Crear | Villager (Male) |
| 28:14 | Crear | Villager (Male) |
| 29:02 | Crear | Villager (Male) |
| 29:05 | Construir | Farm |
| 29:06 | Construir | Farm |
| 29:06 | Construir | Farm |
| 29:06 | Construir | Farm |
| 29:09 | Crear | Villager (Male) |
| 29:39 | Crear | Conquistador |
| 29:39 | Crear | Conquistador |
| 29:40 | Crear | Villager (Male) |
| 29:40 | Crear | Villager (Male) |
Cronología de la partida
| 0:15 | Optimus · first_building Dock |
| 0:26 | VLC | SnowBall · first_building Dock |
| 0:57 | Rule xLEIRAx13 · first_building Dock |
| 1:06 | Bzm_Going · first_building Dock |
| 1:13 | Bzm_Cordobez · first_building Dock |
| 1:30 | Dekodie · first_building Dock |
| 1:44 | AiM | Facu1414 · wall_segment Palisade Wall x1 |
| 1:46 | AiM | Facu1414 · wall_segment Palisade Wall x1 |
| 1:47 | AiM | Facu1414 · wall_segment Palisade Wall x1 |
| 1:49 | AiM | Facu1414 · wall_segment Palisade Wall x1 |
| 2:32 | AiM | Facu1414 · wall_segment Palisade Wall x1 |
| 3:04 | AiM | Facu1414 · first_building Dock |
| 3:30 | VLC | SnowBall · wall_segment Palisade Wall x1 |
| 3:31 | king_James · first_building Dock |
| 3:32 | VLC | SnowBall · wall_segment Palisade Wall x1 |
| 10:15 | Bzm_Cordobez · wall_segment Palisade Wall x1 |
| 10:40 | Rule xLEIRAx13 · wall_segment Palisade Wall x1 |
| 11:42 | Optimus · age_up feudal |
| 12:57 | Dekodie · age_up feudal |
| 13:23 | king_James · age_up feudal |
| 13:47 | Bzm_Going · age_up feudal |
| 14:00 | VLC | SnowBall · age_up feudal |
| 14:03 | king_James · first_market_sell 100 food |
| 14:08 | Optimus · first_market_sell 100 food |
| 14:27 | Bzm_Cordobez · age_up feudal |
| 14:31 | Bzm_Cordobez · wall_segment Stone Wall x1 |
| 14:37 | Rule xLEIRAx13 · wall_segment Palisade Wall x10 |
| 14:42 | Rule xLEIRAx13 · wall_segment Palisade Wall x1 |
| 14:52 | Dekodie · first_market_buy 100 stone |
| 15:14 | Bzm_Cordobez · wall_segment Palisade Wall x4 |
| 15:41 | Optimus · age_up castle |
| 15:41 | Bzm_Going · wall_segment Palisade Wall x1 |
| 15:41 | AiM | Facu1414 · age_up feudal |
| 15:52 | Optimus · first_building Monastery |
| 16:12 | Dekodie · age_up castle |
| 16:19 | Bzm_Going · first_market_buy 100 food |
| 16:23 | AiM | Facu1414 · first_building Stable |
| 16:45 | king_James · age_up castle |
| 16:52 | Bzm_Going · wall_segment Palisade Wall x4 |
| 17:18 | Bzm_Going · age_up castle |
| 17:32 | VLC | SnowBall · age_up castle |
| 17:49 | VLC | SnowBall · first_building Monastery |
| 18:26 | Bzm_Cordobez · age_up castle |
| 18:37 | AiM | Facu1414 · age_up castle |
| 18:41 | king_James · first_building Castle |
| 19:44 | Bzm_Cordobez · wall_segment Palisade Wall x1 |
| 19:46 | Bzm_Cordobez · wall_segment Palisade Wall x1 |
| 20:00 | Rule xLEIRAx13 · first_building Barracks |
| 20:03 | VLC | SnowBall · first_market_buy 100 food |
| 20:06 | Bzm_Cordobez · first_building Castle |
| 20:26 | Bzm_Cordobez · first_building Barracks |
| 21:02 | Optimus · first_market_buy 100 food |
| 21:04 | Bzm_Cordobez · wall_segment Palisade Wall x1 |
| 21:08 | Bzm_Cordobez · wall_segment Palisade Wall x1 |
| 21:34 | Rule xLEIRAx13 · first_building Stable |
| 21:44 | Bzm_Cordobez · first_building Stable |
| 22:19 | AiM | Facu1414 · first_building Siege Workshop |
| 22:22 | VLC | SnowBall · first_building Barracks |
| 22:30 | Dekodie · first_building Monastery |
| 23:08 | Bzm_Cordobez · first_building Siege Workshop |
| 23:18 | Rule xLEIRAx13 · first_building Monastery |
| 23:39 | Bzm_Going · wall_segment Palisade Wall x5 |
| 24:16 | king_James · first_building Barracks |
| 24:23 | Bzm_Cordobez · first_market_buy 100 food |
| 24:32 | VLC | SnowBall · first_building Castle |
| 24:45 | Dekodie · first_building Barracks |
| 24:58 | king_James · first_building Stable |
| 25:07 | Bzm_Going · first_building Barracks |
| 25:32 | king_James · first_market_buy 100 food |
| 25:41 | Dekodie · first_building Stable |
| 26:47 | Bzm_Going · first_building Monastery |
| 27:02 | Bzm_Going · first_market_sell 100 wood |
| 27:02 | AiM | Facu1414 · first_building Castle |
| 27:04 | Optimus · first_building Castle |
| 27:08 | VLC | SnowBall · first_building Archery Range |
| 27:25 | Bzm_Going · first_building Stable |
| 27:48 | AiM | Facu1414 · age_up imperial |
| 27:50 | AiM | Facu1414 · first_market_buy 100 wood |
| 28:21 | AiM | Facu1414 · wall_segment Stone Wall x4 |
| 29:57 | Dekodie · age_up imperial |
| 30:06 | Optimus · first_building Barracks |
| 30:32 | Optimus · age_up imperial |
| 30:43 | Bzm_Going · age_up imperial |
| 31:42 | VLC | SnowBall · age_up imperial |
| 31:43 | VLC | SnowBall · first_building Siege Workshop |
| 32:37 | Dekodie · first_market_sell 100 food |
| 32:58 | VLC | SnowBall · first_market_sell 500 food |
| 35:06 | Dekodie · first_building Siege Workshop |
| 35:09 | king_James · first_building Monastery |
| 35:15 | Rule xLEIRAx13 · first_market_buy 100 wood |
| 35:35 | AiM | Facu1414 · first_market_sell 500 food |
| 36:48 | VLC | SnowBall · wall_segment Stone Wall x14 |
| 37:12 | Bzm_Cordobez · resign |
| 37:17 | king_James · age_up imperial |
| 39:36 | Dekodie · tribute_sent a jugador 1 |
| 39:36 | Dekodie · tribute_sent a jugador 2 |
| 39:36 | Dekodie · tribute_sent a jugador 3 |
| 39:36 | Dekodie · tribute_sent a jugador 4 |
| 39:36 | Dekodie · tribute_sent a jugador 6 |
| 39:36 | Dekodie · tribute_sent a jugador 7 |
| 39:36 | Dekodie · tribute_sent a jugador 8 |
[ ANÁLISIS IA · 1 CRÉDITO ]
¿Qué pasó realmente en esta partida?
Wolo.gg analiza cada decisión: build order, eco, micro, errores típicos por bracket. Análisis personalizado por WhatsApp o Discord en 30 segundos.
Guía civ
Españoles
Perfil
Jugador #237394